Unix NetHack Version 3.7.0-65 Work-in-progress - last build Oct 3 2022 04:20:45 (938f679fcd32a3c70215a73001258fd12811ee3d,branch:master). Game began 2022-10-04 22:24:50, ended 2022-10-05 17:22:43. y4k4r1, chaotic female orcish Barbarian # @ # q #%# ### ------------# # |.........<|# ## |..........|# |..........|# |...........# |..........| ------------ Y4k4r1 the Bandit St:18/02 Dx:16 Co:17 In:8 Wi:7 Ch:6 Chaotic S:3540 Dlvl:7 $:156 HP:0(65) Pw:4(4) AC:0 Xp:7/750 T:5985 Strained Latest messages: You miss Smello's ghost. You smite the gray ooze! Smello's ghost touches you! You kill the gray ooze! J - a jade ring. $ - 32 gold pieces (156 in total). There are many more objects here. K - a pokemon. You have much trouble lifting a bag. Continue? [ynq] (q) M - a bag. You stagger under your heavy load. Movement is very hard. The rothe hits! The rothe bites! The rothe bites! The rothe hits! The rothe bites! The rothe misses! You miss the rothe. The rothe just misses! The rothe bites! The rothe misses! Smello's ghost touches you! The rothe hits! The rothe misses! The rothe bites! The rothe misses! The rothe misses! The rothe misses! You smite the rothe! The rothe hits! The rothe just misses! The rothe bites! The rothe hits! The rothe misses! The rothe misses! You miss the rothe. The rothe misses! The rothe bites! The rothe bites! The rothe hits! The rothe just misses! The rothe misses! The rothe hits! The rothe bites! The rothe bites! You don't have enough stamina to move. The rothe hits! The rothe bites! You die... Do you want your possessions identified? [ynq] (y) Inventory: Coins $ - 156 gold pieces Weapons c - a cursed +0 elven dagger (at the ready) a - a +0 battle-axe (weapon in hands) H - a +0 dwarvish short sword b - a blessed +0 orcish short sword Armor d - an uncursed +0 orcish helm (being worn) r - a blessed +2 pair of jumping boots (being worn) o - an uncursed +0 oilskin cloak (being worn) q - an uncursed +0 elven mithril-coat (being worn) Comestibles K - a cursed pokemon i - 2 uncursed tomatoes A - 3 uncursed food rations f - 2 cursed food rations k - an uncursed lembas wafer e - an uncursed egg u - an uncursed egg Scrolls C - an uncursed scroll of earth p - an uncursed scroll of gold detection n - an uncursed scroll of identify l - an uncursed scroll of light E - an uncursed scroll of teleportation G - a cursed scroll of teleportation Potions m - 2 uncursed potions of fruit juice v - a cursed potion of fruit juice B - an uncursed potion of full healing L - an uncursed potion of gain energy D - an uncursed potion of oil y - an uncursed potion of sickness Rings J - a cursed ring of aggravate monster h - an uncursed ring of fire resistance t - a cursed ring of polymorph Wands z - a wand of create monster (0:10) w - a wand of probing (0:7) Tools M - a cursed bag of holding containing 23 items g - an uncursed tallow candle x - an uncursed tin whistle F - a +0 unicorn horn I - a +0 unicorn horn Gems/Stones j - an uncursed jasper stone s - an uncursed worthless piece of blue glass Contents of the bag of holding: 63 gold pieces a cursed banana an uncursed clove of garlic 10 uncursed food rations an uncursed pear an uncursed sprig of wolfsbane an uncursed tin of brown mold an uncursed scroll of enchant armor an uncursed scroll of charging an uncursed scroll of enchant weapon an uncursed scroll of light an uncursed spellbook of sleep an uncursed spellbook of stone to flesh an uncursed spellbook of protection an uncursed spellbook of light an uncursed spellbook of remove curse 3 potions of holy water an uncursed potion of monster detection an uncursed potion of gain ability a wand of speed monster (0:2) a wand of polymorph (0:7) a cursed tallow candle an uncursed agate stone Y4k4r1 the Barbarian's attributes: Background: You were a Bandit, a level 7 female orcish Barbarian. You were chaotic, nominally on a mission for Set who was opposed by Mitra (lawful) and Crom (neutral). You were in the Dungeons of Doom, on level 7. You entered the dungeon 5985 turns ago. You had 750 experience points, 530 more were needed to attain level 8. Your score was 3540 before end-of-game adjustments. Basics: You had 0 out of 65 hit points. You had all 4 energy points (spell power). Your armor class was 0. Your wallet contained 156 zorkmids. Autopickup was on for '$?!/="+' plus thrown, with exceptions. Final Characteristics: Your strength was 18/02 (limit:18/50). Your dexterity was 16 (peak:17, limit:18). Your constitution was 17 (limit:18). Your intelligence was 8 (limit:16). Your wisdom was 7 (limit:16). Your charisma was 6 (limit:16). Final Status: You were not hungry. You were strained; movement was very slowed. You were wielding an axe. You had basic skill with axe and could have enhanced that. Final Attributes: You were piously aligned. You were fire resistant. You were poison resistant. You were telepathic. You had infravision. You could jump. You were guarded. You were fast. You were unlucky. You are dead. Miscellaneous: You encountered 1 bones level. Total elapsed playing time was 4 hours, 29 minutes and 11 seconds. Major events: Turn 1: y4k4r1 the chaotic female orcish Barbarian entered the dungeon 1241: attained the rank of Pillager (level 3) 4245: attained the rank of Bandit (level 6) 5083: consulted the Oracle 5493: entered Sokoban 5985: killed by a rothe Vanquished creatures: a small mimic 3 wolves 2 leprechauns a housecat a white unicorn a gray unicorn a rock piercer a rock mole 2 ponies a fog cloud a violet fungus 2 gray oozes a straw golem 2 little dogs 2 floating eyes a kitten a dwarf a kobold shaman 5 hill orcs 2 rothes a rabid rat 2 centipedes 2 giant bats a monkey an orc zombie 4 dwarf zombies an iguana 4 killer bees 3 hobbits 4 large kobolds a hobgoblin 2 giant rats a red mold a gnome zombie 5 geckos 7 jackals 4 foxes a goblin 4 sewer rats 6 grid bugs a bat 6 lichens a kobold zombie 4 newts 99 creatures vanquished. No species were genocided or became extinct. Voluntary challenges: You were an atheist. You read items or engraved 1 time. You never engraved Elbereth. You never genocided any monsters. You never polymorphed an object. You never changed form. You used no wishes. You violated the special Sokoban rules once. Achievements: You entered a shop. You attained the rank of Pillager. You attained the rank of Bandit. You consulted the Oracle of Delphi. You entered Sokoban. The Dungeons of Doom: levels 1 to 7 Level 1: A fountain. Level 2: Level 3: An armor shop. Level 4: A fountain. Level 5: Many fountains. Oracle of Delphi. Level 6: A fountain. Stairs up to Sokoban, level 5. Level 7: <- You were here. Final resting place for you, killed by a rothe, Smello-Pri-Hum-Mal-Neu, killed by a gray ooze, while frozen by a floating eye's gaze. Sokoban: Level 5: Unsolved. Game over: ---------- / \ / REST \ / IN \ / PEACE \ / \ | y4k4r1 | | 219 Au | | killed by a | | rothe | | | | | | 2022 | *| * * * | * _________)/\\_//(\/(/\)/\//\/|_)_______ Goodbye y4k4r1 the Barbarian... You died in The Dungeons of Doom on dungeon level 7 with 3519 points, and 219 pieces of gold, after 5985 moves. You were level 7 with a maximum of 65 hit points when you died.